 Dungeon Crawl Stone Soup version 0.27.1-33-g824d729ab1 (webtiles) character file.

Game seed: 2469244096379270115

82 alasdair19 the Ducker (level 4, -5/44 HPs)
             Began as a Troll Fighter on Nov 27, 2021.
             Killed from afar by Ijyb (17 damage)
             ... with a bolt of acid
             ... on level 3 of the Dungeon.
             The game lasted 00:08:22 (1450 turns).

alasdair19 the Ducker (Troll Fighter)               Turns: 1450, Time: 00:08:23

Health: -5/44      AC:  4    Str: 25    XL:     4   Next: 21%
Magic:  3/3        EV:  8    Int:  4    God:
Gold:   5          SH:  9    Dex:  9    Spells: 3/3 levels left

rFire    . . .     SeeInvis .   a - +0 long sword
rCold    . . .     Faith    .   c - +0 kite shield
rNeg     . . .     Spirit   .   b - +0 robe
rPois    .         Reflect  .   (helmet restricted)
rElec    .         Harm     .   (no cloak)
rCorr    .         Rampage  .   (gloves unavailable)
Will     .....                  (boots unavailable)
Stlth    +.........             (no amulet)
HPRegen  1.14/turn              (no ring)
MPRegen  0.08/turn              (no ring)

@: no status effects
A: large, unfitting armour, claws 3, regeneration 1, shaggy fur 1, tough skin 1
a: no special abilities


You were on level 3 of the Dungeon.
You visited 1 branch of the dungeon, and saw 3 of its levels.

You collected 5 gold pieces.

Inventory:

Hand Weapons
 a - a +0 long sword (weapon)
Armour
 b - a +0 robe (worn)
 c - a +0 kite shield (worn)
Scrolls
 f - a scroll of identify {unknown}
 i - a scroll of enchant weapon {unknown}
Potions
 d - a potion of might
 e - a potion of mutation {unknown}
 g - a potion of resistance {unknown}
 h - a potion of attraction {unknown}


   Skills:
 + Level 2.7 Fighting
 + Level 2.6 Long Blades
 + Level 3.0 Dodging
 + Level 2.8 Shields


You had 3 spell levels left.
You didn't know any spells.
Your spell library was empty.

Dungeon Overview and Level Annotations

Branches:
Dungeon (3/15)

Altars:
Beogh

Annotations:
D:3 Ijyb, Jessica


Innate Abilities, Weirdness & Mutations

You are too large for most types of armour.
You have claws for hands.
Your natural rate of healing is unusually fast.
You are covered in fur. (AC +1)
You have tough skin. (AC +1)


Message History

Jessica casts a spell.
Jessica blinks!
You block the goblin's attack. The iguana barely misses you.
You riposte.
You hit the iguana.
The iguana is moderately wounded.
The goblin hits you with a +0 dagger.
You hit the iguana but do no damage.
The iguana is moderately wounded.
The iguana bites you! The hobgoblin barely misses you.
You riposte.
You hit the hobgoblin.
The hobgoblin is moderately wounded.
Ijyb zaps a wand.
The bolt of acid misses you. The goblin barely misses you.
You block the iguana's attack.
The hobgoblin hits you but does no damage.
You hit the hobgoblin.
The hobgoblin is almost dead.
The goblin hits you but does no damage. The iguana bites you.
You block the hobgoblin's attack. You block the goblin's attack.
The iguana bites you.
You slash the hobgoblin!
You kill the hobgoblin!
Jessica gestures wildly while chanting.
Jessica blinks!
You block the goblin's attack. The iguana bites you!
Ijyb screams, "Get away!"
Ijyb zaps a wand.
The bolt of acid misses you.
Jessica gestures wildly while chanting.
Jessica blinks!
You hit the kobold.
You kill the kobold!
The goblin hits you with a +0 dagger. The iguana bites you.
Ijyb zaps a wand.
The bolt of acid misses you. The goblin closely misses you.
You riposte.
You closely miss the goblin. The iguana bites you.
* * * LOW HITPOINT WARNING * * *
Jessica very coldly says, "I hate your company."
Ijyb screams, "Level is mine!
All mine!"
The iguana barely misses you.
Things that are here:
a +0 club; 4 poisoned darts Jessica casts a spell.
Jessica blinks!
Ijyb zaps a wand.
The bolt of acid hits you!
You die...

...# .. ......
...##.#..##..#..........
.††.#.......##..........
.....###..#:............
#><........##...........
.#..)....#...........>..
.........#(.............
#............$..........
#<.............>@.......
#...............)g...>..
............§..lg.......
........(......!........
........................
.........[..............
............@...........
........................
#.................).....


You could see Ijyb, an iguana, Jessica and a goblin.

Vanquished Creatures
  Natasha (D:3)
  An adder (D:2)
  3 dart slugs (D:1)
  7 ball pythons
  3 bats (D:1)
  An endoplasm (D:1)
  2 giant cockroaches (D:1)
  3 goblins
  5 hobgoblins
  2 jackals (D:2)
  2 quokkas (D:1)
  3 frilled lizards
  4 kobolds
  10 rats
47 creatures vanquished.

Notes
Turn   | Place    | Note
-------+----------+-------------------------------------------
     0 | D:1      | alasdair19 the Troll Fighter began the quest for the Orb.
     0 | D:1      | Reached XP level 1. HP: 22/22 MP: 0/0
    64 | D:1      | Reached XP level 2. HP: 29/29 MP: 1/1
   386 | D:1      | Reached XP level 3. HP: 36/36 MP: 2/2
   408 | D:1      | Found a faded altar of an unknown god.
  1379 | D:3      | Noticed Natasha
  1386 | D:3      | Killed Natasha
  1387 | D:3      | Reached skill level 3 in Dodging
  1387 | D:3      | Reached XP level 4. HP: 44/44 MP: 3/3
  1440 | D:3      | Noticed Ijyb
  1441 | D:3      | Noticed Jessica
  1450 | D:3      | Killed from afar by Ijyb

Illustrated notes

Levels and vault maps discovered:
D:1:      wheals_arrival_shading, layout_basic,
          hellmonk_ecumenical_altar_defaced_shrine,
          minmay_misc_feat_secret_circle, solitary_fountain
D:2:      layout_basic, dk_noncrumbling_2, hangedman_decor_clover_reticule,
          hex_intersection
D:3:      layout_rooms, uniq_natasha, uniq_jessica, uniq_ijyb

Skill      XL: |  1  2  3 |
---------------+----------+-----
Long Blades    | 2 |  2.6
Dodging        | 3 |  3.0
Fighting       | |  2.7
Shields        | |  2.8

Action                   |  1- 3 |  4- 6 || total
-------------------------+-------+-------++-------
Melee: Long sword        |   109 |    12 ||   121
Armor: Robe              |    77 |     5 ||    82
Dodge: Dodged            |    67 |    15 ||    82
Block: Kite shield       |    82 |    12 ||    94
       Rpst.: Long sword |    15 |     5 ||    20
